 Dungeon Crawl Stone Soup version 0.24.0-13-gcf9b319 (webtiles) character file.

Game seed: 9749282453696853694, levelgen mode: deterministic

1440 Coron the Covered (level 8, -6/72 HPs)
             Began as a Deep Dwarf Summoner on Nov 11, 2019.
             Was a Follower of Elyvilon.
             Mangled by an ogre
             ... wielding a +0 giant spiked club
              (18 damage)
             ... on level 6 of the Dungeon.
             The game lasted 00:24:53 (5055 turns).

Coron the Covered (Deep Dwarf Summoner)             Turns: 5055, Time: 00:24:54

Health: -6/72      AC: 11    Str: 15    XL:     8   Next: 46%
Magic:  9/9        EV:  7    Int: 15    God:    Elyvilon [*.....]
Gold:   290        SH:  3    Dex: 13    Spells: 8/11 levels left

rFire    . . .     SeeInvis .   w - +0 hand axe
rCold    . . .     Gourm    .   (no shield)
rNeg     . . .     Faith    .   o - +0 chain mail
rPois    .         Spirit   .   v - +0 helmet
rElec    .         Reflect  +   (no cloak)
rCorr    .         Harm     .   (no gloves)
MR       +....                  (no boots)
Stlth    ..........             x - +3 amulet of reflection
HPRegen  0.00/turn              (no ring)
MPRegen  0.11/turn              (no ring)

@: non-regenerating
A: damage resistance, heal wounds, sense surroundings 1, no regeneration
a: Heal Wounds, Lesser Healing, Divine Protection, Renounce Religion


You were on level 6 of the Dungeon.
You worshipped Elyvilon.
Elyvilon was aware of your devotion.
You were not hungry.

You visited 2 branches of the dungeon, and saw 7 of its levels.
You also visited: Sewer.

You collected 290 gold pieces.

Inventory:

Hand Weapons
 e - a +0 club
 k - a +0 short sword
 p - a +0 hunting sling
 w - a +0 hand axe (weapon)
 G - a +0 shortbow of freezing
Missiles
 d - 14 sling bullets
 i - 173 stones (quivered)
 s - a throwing net
 A - 3 curare-tipped darts
 H - 9 arrows
Armour
 m - a +0 ring mail
 o - a +0 chain mail (worn)
 v - a +0 helmet (worn)
Jewellery
 a - an uncursed ring of fire
 x - a +3 amulet of reflection (around neck)
 z - an uncursed amulet of guardian spirit
Scrolls
 f - 6 scrolls of remove curse
 g - a scroll of random uselessness {unknown}
 h - a scroll of fog
 n - 5 scrolls of teleportation
 t - a scroll of immolation {unknown}
 u - a scroll of amnesia {unknown}
 y - a scroll of magic mapping {unknown}
Potions
 b - a potion of resistance
 j - a potion of degeneration {unknown}
 l - 2 potions of mutation
 q - a potion of magic
 r - 4 potions of curing
 B - 2 potions of flight
 C - a potion of ambrosia {unknown}
 D - a potion of heal wounds
 E - 2 potions of agility {unknown}
Comestibles
 c - 11 rations
 F - 5 chunks of flesh


   Skills:
 - Level 4.0 Fighting
 + Level 5.0 Axes
 - Level 7.0 Armour
 - Level 2.1 Dodging
 - Level 2.4 Stealth
 - Level 2.0 Spellcasting
 - Level 4.0 Summonings
 + Level 5.3 Invocations


You had 8 spell levels left.
You knew the following spells:

 Your Spells              Type           Power        Failure   Level  Hunger
a - Summon Small Mammal   Summ           ##..         54%         1    #......
b - Call Imp              Summ           ##......     69%         2    ###....

Your spell library contained the following spells:

 Spells                   Type           Power        Failure   Level  Hunger
 Call Canine Familiar     Summ           ##......     89%         3    ###....
 Summon Guardian Golem    Hex/Summ       #.......     99%         3    ###....
 Summon Ice Beast         Ice/Summ       #.......     100%        4    #####..
 Summon Lightning Spire   Summ/Air       #.......     100%        4    #####..


Dungeon Overview and Level Annotations

Branches:
Dungeon (6/15)             Temple (1/1) D:5           Sewer (visited)

Altars:
Ashenzari
Elyvilon
Fedhas
Gozag
Hepliaklqana
Nemelex Xobeh
Okawaru
Qazlal
Sif Muna
Uskayaw
Vehumet
Xom
Yredelemnul
Zin

Annotations:
D:5 3 runed translucent doors, Naiya55's ghost, novice FoWr; XxsatanxX's ghost, amateur DrCj; beanscad's ghost, novice FoWr; shmup's ghost, novice HOFi


Innate Abilities, Weirdness & Mutations

You are resistant to damage.
You can heal yourself by infusing magical energy.
You passively map a small area around you.
You do not regenerate.


Message History

The giant cockroach bites you but does no damage.
The ogre barely misses you. The jackal bites you.
* * * LOW HITPOINT WARNING * * *
You hit the ogre.
The ogre is severely wounded.
You hit the jackal but do no damage. You barely miss the giant cockroach.
You closely miss the jackal.
The jackal bites you but does no damage.
The giant cockroach bites you.
The jackal bites you but does no damage.
The jackal closely misses you.
You barely miss the ogre.
The ogre is severely wounded.
You hit the jackal.
Your chain mail prevents you from hitting the giant cockroach.
You hit the jackal.
The giant cockroach bites you but does no damage.
The jackal barely misses you.
The ogre hits you with a +0 giant spiked club!!
You die...

* ........##....#
...##.........##,
, .
,####.......#*
....#.##....#....
* #.........###.#
,
,#.#####.....)###
, , , *
#........#* * ,
##.##.#..# , ,
#@h....... ,
......shO.......
,
(......h.(...#..
, ..........(.##
. ............#
#.....##...... ,
*#..... ........
, , ......
,......( , * ,


You could see an ogre, 3 jackals and a giant cockroach.

Vanquished Creatures
  A hippogriff (D:4)
  An ice beast (D:5)
  An ogre (D:5)
  4 centaurs
  A big kobold (Sewer)
  Blork the orc (D:4)
  A scorpion (D:4)
  2 howler monkeys
  2 bullfrog skeletons
  3 hounds
  2 jellies
  Jessica (D:3)
  An iguana (D:5)
  A worker ant (D:4)
  A hound zombie (D:5)
  Robin (D:4)
  A howler monkey zombie (D:5)
  3 adders
  2 river rats (Sewer)
  2 adder skeletons
  A worm (D:4)
  3 dart slugs
  4 leopard geckos
  4 orcs
  3 bats
  6 giant cockroaches
  7 goblins
  9 hobgoblins
  4 jackals
  2 quokkas (D:4)
  A ball python (D:1)
  5 frilled lizards
  3 kobolds (Sewer)
  A quokka skeleton (D:5)
  5 rats
90 creatures vanquished.

Vanquished Creatures (collateral kills)
  A hound (D:4)
  A centaur skeleton (D:4)
  A bullfrog skeleton (D:4)
  3 gnolls (D:2)
  An adder (D:2)
  2 river rats (D:4)
  An ooze (D:3)
  2 worms (D:3)
  A dart slug (D:2)
  2 leopard geckos
  An orc (D:4)
  3 giant cockroaches
  5 hobgoblins
  A jackal (D:1)
  A quokka (D:2)
  5 bats
  2 frilled lizards (D:4)
  12 goblins
  6 kobolds
  2 rats
53 creatures vanquished.

Vanquished Creatures (others)
  An orc wizard (D:5)
  3 orcs (D:5)
  A withered plant (D:5)
5 creatures vanquished.

Grand Total: 148 creatures vanquished

Notes
Turn   | Place    | Note
-------+----------+-------------------------------------------
     0 | D:1      | Coron the Deep Dwarf Summoner began the quest for the Orb.
     0 | D:1      | Reached XP level 1. HP: 15/15 MP: 3/3
   248 | D:1      | Reached XP level 2. HP: 24/24 MP: 0/4
   301 | D:1      | Learned a level 2 spell: Call Imp
   382 | D:1      | Reached skill level 1 in Armour
   927 | D:1      | Reached skill level 1 in Fighting
  1152 | D:2      | Reached XP level 3. HP: 24/31 MP: 1/6
  1319 | D:2      | Reached skill level 2 in Armour
  1584 | D:2      | Reached XP level 4. HP: 28/38 MP: 0/7
  1780 | D:3      | Noticed a centaur
  1922 | D:3      | Noticed Jessica
  1943 | D:3      | Killed a centaur
  1943 | D:3      | Reached skill level 3 in Armour
  1943 | D:3      | Reached XP level 5. HP: 18/46 MP: 2/8
  1948 | D:3      | Killed Jessica
  1948 | D:3      | Reached skill level 4 in Armour
  2210 | D:3      | Found a shimmering altar of Xom.
  2211 | D:3      | Found a shimmering altar of Xom.
  2211 | D:3      | Found a shimmering altar of Xom.
  2211 | D:3      | Found a shimmering altar of Xom.
  2272 | D:3      | Found a shimmering altar of Xom.
  2272 | D:3      | Found a shimmering altar of Xom.
  2272 | D:3      | Found a shimmering altar of Xom.
  2819 | D:4      | Noticed a hippogriff
  2859 | D:4      | Reached skill level 1 in Axes
  2860 | D:4      | Noticed Robin
  2871 | D:4      | Reached XP level 6. HP: 41/55 MP: 1/8
  2872 | D:4      | Killed Robin
  2876 | D:4      | Killed a hippogriff
  2876 | D:4      | Reached skill level 6 in Armour
  2918 | D:4      | Reached XP level 7. HP: 34/62 MP: 2/9
  3072 | D:4      | Noticed Blork the orc
  3199 | D:4      | Killed Blork the orc
  3283 | D:4      | Found a glowing drain.
  3287 | Sewer    | Entered a sewer
  3509 | Sewer    | Found a white marble altar of Elyvilon.
  3519 | Sewer    | Became a worshipper of Elyvilon the Healer
  3835 | D:5      | Entered Level 5 of the Dungeon
  3916 | D:5      | Found a staircase to the Ecumenical Temple.
  3999 | Temple   | Entered the Ecumenical Temple
  4072 | D:5      | Reached skill level 1 in Invocations
  4214 | D:4      | Reached XP level 8. HP: 28/72 MP: 9/9
  4287 | D:5      | Reached * piety under Elyvilon
  4344 | D:5      | Reached skill level 7 in Armour
  4701 | D:5      | Reached skill level 5 in Axes
  4743 | D:5      | Found a runed translucent gate.
  4743 | D:5      | Found a runed translucent gate.
  4743 | D:5      | Found a runed translucent gate.
  4772 | D:5      | Noticed Naiya55's ghost (novice FoWr)
  4772 | D:5      | Noticed beanscad's ghost (novice FoWr)
  4773 | D:5      | Noticed shmup's ghost (novice HOFi)
  4775 | D:5      | Noticed XxsatanxX's ghost (amateur DrCj)
  4897 | D:5      | Found a stormy altar of Qazlal.
  5012 | D:6      | Reached skill level 5 in Invocations
  5055 | D:6      | Mangled by an ogre

Levels and vault maps discovered:
D:1:      minmay_arrival_widening_spiral_wide, layout_basic
D:2:      layout_rooms
D:3:      layout_loops_ring, xom_redecorated, uniq_jessica
D:4:      layout_cave_pools, gup_sewer_entry_bowl, uniq_blork_the_orc,
          uniq_robin
D:5:      minmay_thinvault, layout_cave_pools, grunt_qazlal_clouds,
          minmay_temple_entry_mist, first_ration, gammafunk_ghost_cemetery
D:6:      layout_cave_pools, lemuel_coloured_pillars_altar, serial_undead,
          serial_undead_d, serial_undead_e, serial_undead_b, serial_undead_e,
          serial_undead_c, serial_undead_b
Temple:   cyrus_circular_temple

Skill      XL: |  1  2  3  4  5  6  7  8 |
---------------+-------------------------+-----
Spellcasting   | 2 |  2.0
Armour         | 1 2 3 4 6 7 |  7.0
Fighting       | 1 2 3 4 |  4.0
Summonings     | 4 |  4.0
Axes           | 1 4 5 |  5.0
Invocations    | 2 5 |  5.3
Dodging        | |  2.1
Stealth        | |  2.4

Action                   |  1- 3 |  4- 6 |  7- 9 || total
-------------------------+-------+-------+-------++-------
Melee: Club              |    46 |       |       ||    46
       Short sword       |    38 |       |       ||    38
       Hand axe          |     2 |   125 |   254 ||   381
 Fire: Hunting sling     |       |     6 |    24 ||    30
       Shortbow          |       |       |     5 ||     5
 Cast: Summon Small Mamm |    15 |       |       ||    15
       Call Imp          |    36 |    18 |    16 ||    70
Invok: Lesser Healing    |       |       |     2 ||     2
 Abil: Heal Wounds       |     2 |     6 |     8 ||    16
Evoke: Wand              |       |       |     2 ||     2
  Use: Scroll            |     5 |     2 |     4 ||    11
       Potion            |       |     2 |       ||     2
 Stab: Sleeping          |       |     1 |       ||     1
       Distracted        |       |       |     1 ||     1
  Eat: Chunk             |     5 |     5 |    10 ||    20
Armor: Robe              |    11 |       |       ||    11
       Leather armour    |    13 |    18 |       ||    31
       Ring mail         |       |    36 |    23 ||    59
       Chain mail        |       |       |   170 ||   170
Dodge: Dodged            |    90 |   105 |   119 ||   314
Block: Other             |       |    29 |    29 ||    58
       Reflection        |       |     1 |     1 ||     2
